AoeStats
← Tahowsky_91

Arena

510351254Analyzed
3v3 RM · 2d ago on Sep 30, 2026· 44m 3s· 6 players
Game mode
Random Map
Map size
Normal (6 player)
Population
200
Speed
Normal
Resources
Standard
Victory
Conquest
Starting age
Dark Age
Ending age
Imperial Age
RankedLock teamsTeams togetherTeam positionsShared explorationLock speedFull tech treeHidden civsTurbo modeCheats
Victory
Defeat
🇨🇳 Mongols · China
1318
+15
🇨🇭 Cumans · Switzerland
1274
+17
🇯🇵 Bulgarians · Japan
1259
+17
🇹🇷 Dravidians · Türkiye
1449
-22
🇹🇷 Saracens · Türkiye
1381
-20
🇹🇷 Magyars · Türkiye
1034
-7
KJI
10:05 Feudal Age
14:04 Castle Age
13:20 Double-Bit Axe
14:54 Horse Collar
20:25 Bow Saw
21:15 Heavy Plow
23:11 Wheelbarrow
23:12 Gold Mining
24:57 Hand Cart
24:31 Loom
26:32 Forging
26:22 Scale Mail Armor
26:44 Stone Mining
29:48 Imperial Age
28:44 Iron Casting
28:24 Chain Mail Armor
29:13 Masonry
29:05 Fletching
29:57 Squires
29:46 Gambesons
29:59 Pikeman
31:11 Plate Mail Armor
30:18 Capped Ram
32:26 Blast Furnace
31:22 Bodkin Arrow
32:14 Halberdier
32:28 Siege Ram
34:19 Bagains
35:39 Bracer
36:53 Arson
37:53 Conscription
pickmyself or end
10:16 Feudal Age
11:59 Double-Bit Axe
12:22 Horse Collar
14:54 Castle Age
15:59 Bow Saw
15:51 Heavy Plow
16:27 Wheelbarrow
18:05 Fervor
24:29 Loom
24:59 Hand Cart
24:29 Town Watch
25:22 Stone Mining
25:23 Gold Mining
28:34 Imperial Age
26:08 Fletching
26:22 Padded Archer Armor
27:41 Stone Shaft Mining
27:31 Bodkin Arrow
27:52 Leather Archer Armor
28:22 Gold Shaft Mining
28:19 Forging
29:17 Ballistics
29:26 Bloodlines
29:16 Husbandry
29:42 Conscription
28:47 Onager
29:25 Elite Mangudai
29:34 Light Cavalry
30:21 Thumb Ring
30:42 Parthian Tactics
30:26 Bracer
29:59 Capped Ram
32:02 Chemistry
31:44 Iron Casting
31:14 Scale Barding Armor
31:21 Scale Barding Armor
32:12 Drill
31:38 Siege Ram
32:44 Chain Barding Armor
32:31 Hussar
34:16 Blast Furnace
35:19 Siege Engineers
35:26 Masonry
35:27 Onager
36:40 Coinage
37:00 Siege Onager
38:41 Fortified Wall
38:27 Murder Holes
40:06 Hoardings
41:38 Banking
41:10 Caravan
Xanthos
9:41 Feudal Age
10:27 Double-Bit Axe
11:18 Horse Collar
15:48 Loom
20:46 Castle Age
20:20 Man-at-Arms
21:16 Scale Mail Armor
21:34 Squires
21:28 Long Swordsman
22:14 Town Watch
23:18 Wheelbarrow
23:58 Capped Ram
25:31 Forging
25:36 Chain Mail Armor
25:10 Arson
27:41 Chain Mail Armor
28:01 Iron Casting
32:03 Imperial Age
29:48 Hand Cart
31:25 Bloodlines
31:24 Scale Barding Armor
32:27 Chain Barding Armor
32:48 Gold Mining
32:50 Stone Mining
33:41 Bow Saw
33:21 Cavalier
35:56 Heavy Plow
36:17 Caravan
37:48 Plate Barding Armor
38:13 Blast Furnace
37:34 Paladin
41:22 Fletching
42:17 Gold Shaft Mining
42:11 Guilds
42:46 Masonry
42:57 Ballistics
43:38 Chemistry
42:16 Onager
43:02 Bodkin Arrow
aragorn
2:41 Loom
11:55 Feudal Age
13:13 Wheelbarrow
16:46 Castle Age
15:17 Double-Bit Axe
16:30 Horse Collar
18:03 Bow Saw
18:40 Heavy Plow
23:24 Heavy Plow
23:52 Gold Mining
25:49 Gold Shaft Mining
25:44 Stone Mining
27:45 Hand Cart
33:09 Imperial Age
30:55 Thumb Ring
30:45 Fletching
30:56 Padded Archer Armor
31:36 Ballistics
31:11 Murder Holes
31:42 Bloodlines
31:54 Husbandry
32:04 Bodkin Arrow
32:49 Leather Archer Armor
33:09 Corvinian Army
35:16 Parthian Tactics
37:19 Light Cavalry
41:57 Scale Barding Armor
42:18 Bracer
43:00 Chain Barding Armor
42:44 Bracer
42:49 Light Cavalry
Tahowsky_91
10:14 Feudal Age
10:51 Double-Bit Axe
13:45 Castle Age
11:54 Horse Collar
14:45 Bow Saw
19:24 Wheelbarrow
20:20 Hand Cart
20:37 Gold Mining
21:03 Heavy Plow
27:00 Imperial Age
24:37 Stone Mining
24:55 Fletching
25:06 Padded Archer Armor
25:27 Ballistics
25:49 Bodkin Arrow
27:12 Husbandry
27:07 Loom
27:07 Town Watch
29:00 Two-Man Saw
28:01 Bracer
29:02 Chemistry
27:50 Elite Elephant Archer
29:25 Ballistics
30:19 Leather Archer Armor
31:57 Conscription
31:46 Medical Corps
32:22 Masonry
33:07 Ring Archer Armor
32:37 Scale Mail Armor
32:48 Forging
31:58 Pikeman
32:39 Squires
32:52 Elite Elephant Archer
35:03 Thumb Ring
34:18 Halberdier
36:23 Chain Mail Armor
36:44 Iron Casting
37:40 Murder Holes
38:16 Plate Mail Armor
37:34 Gambesons
37:37 Arson
37:16 Onager
38:53 Coinage
40:32 Blast Furnace
BassMaverick
10:26 Feudal Age
10:15 Loom
14:25 Castle Age
14:00 Double-Bit Axe
14:20 Horse Collar
22:55 Bow Saw
26:18 Fletching
27:32 Heavy Plow
27:27 Gold Mining
31:47 Imperial Age
29:54 Wheelbarrow
30:14 Crossbowman
30:51 Bodkin Arrow
30:56 Town Watch
31:23 Padded Archer Armor
32:52 Gold Shaft Mining
32:03 Arbalester
34:23 Two-Man Saw
34:42 Chemistry
33:54 Bracer
34:20 Thumb Ring
35:06 Leather Archer Armor
35:29 Conscription
35:18 Stone Mining
36:03 Ballistics
35:54 Masonry
37:38 Ring Archer Armor
38:56 Forging
40:39 Coinage
40:13 Town Patrol
40:29 Hand Cart
41:17 Siege Engineers
42:06 Iron Casting
44:10 Blast Furnace
43:16 Scale Barding Armor
Connection lost

Rejoining the realm…

Still unreachable

The connection could not be restored.

Session expired

The server has moved on; the page needs a fresh start.